 Dungeon Crawl Stone Soup version 0.28.0 (webtiles) character file.

Game seed: 11150228745193415517

51 funkygono the Firebug (level 3, 0/19 HPs)
             Began as a Gargoyle Fire Elementalist on Feb 16, 2022.
             Slain by Crazy Yiuf (9 damage)
             ... on level 2 of the Dungeon.
             The game lasted 00:03:12 (2590 turns).

funkygono the Firebug (Gargoyle Fire Elementalist)  Turns: 2590, Time: 00:03:13

Health: 0/19       AC:  5    Str: 11    XL:     3   Next: 83%
Magic:  1/6        EV: 12    Int: 17    God:
Gold:   70         SH:  0    Dex: 10    Spells: 1/7 levels left

rFire   . . .      SeeInvis .   b - +0 whip
rCold   . . .      Faith    .   (no shield)
rNeg    + . .      Spirit   .   a - +0 robe
rPois   ∞          Reflect  .   (no helmet)
rElec   +          Harm     .   (no cloak)
rCorr   .          Rampage  .   (no gloves)
Will    .....                   (no boots)
Stlth   ++........              (no amulet)
HPRegen 0.06/turn               e - ring of flight
MPRegen 0.10/turn               (no ring)

@: flying, very slightly contaminated, invisible
A: sickness immunity, AC +3, negative energy resistance 1, electricity
resistance, torment resistance 1, petrification resistance
a: no special abilities


You were on level 2 of the Dungeon.
You visited 1 branch of the dungeon, and saw 2 of its levels.

You collected 70 gold pieces.

Inventory:

Hand Weapons
 b - a +0 whip (weapon)
Missiles
 d - 60 stones
Armour
 a - a +0 robe (worn)
 c - a +0 leather armour
Jewellery
 e - a ring of flight (left hand)
 h - a ring of ice
Scrolls
 g - a scroll of identify {unknown}
 j - a scroll of vulnerability {unknown}
 k - a scroll of fog {unknown}
 l - a scroll of acquirement {unknown}
 m - a scroll of fear {unknown}
Potions
 f - a potion of haste {unknown}
 i - a potion of curing {unknown}
 n - a potion of might {unknown}


   Skills:
 + Level 1.7 Dodging
 - Level 2.1 Stealth
 * Level 2.5 Spellcasting
 * Level 1.9 Conjurations
 * Level 3.9 Fire Magic


You had one spell level left.
You knew the following spells:

 Your Spells              Type           Power      Damage    Failure   Level
a - Foxfire               Conj/Fire      48%        2x1d6     5%          1
b - Scorch                Fire           30%        2d7       5%          2
c - Conjure Flame         Conj/Fire      12%        6-21      17%         3

Your spell library contained the following spells:

 Spells                   Type           Power      Damage    Failure   Level
 Magic Dart               Conj           32%        1d4       9%          1
 Sandblast                Erth           4%         2d4       19%         1
 Inner Flame              Hex/Fire       8%         N/A       24%         3
 Call Imp                 Summ           2%         N/A       28%         2
 Passwall                 Tmut/Erth      1%         N/A       28%         2
 Stone Arrow              Conj/Erth      10%        3d7       36%         3
 Mephitic Cloud           Conj/Pois/Air  4%         N/A       38%         3
 Flame Wave               Conj/Fire      12%        2d6       50%         4


Dungeon Overview and Level Annotations

Branches:
Dungeon (2/15)

Altars:

Shops:
D:2 =

Annotations:
D:2 Crazy Yiuf


Innate Abilities, Weirdness & Mutations

You are immune to sickness and miasma.
Your stone body is resilient. (AC +3)
You are immune to poison.
You resist negative energy. (rN+)
You are resistant to electric shocks. (rElec)
You are resistant to unholy torment.
You are immune to petrification.


Message History

You see here a +0 dagger.
You see here a +0 dagger.
You see here a +0 mace.
You see here a +0 mace.
You see here a +0 mace.
You see here a +0 mace.
Crazy Yiuf shouts!
Crazy Yiuf says, "Line!
Dawk fast horse."
Could not explore, unopened runed door.
You reach down and open the door.
Crazy Yiuf cries, "Candle ladder arm!"
You see here a +0 mace.
Crazy Yiuf grits, "Lay!"
You see here a +0 mace.
Casting: Foxfire (safe; 5% risk of failure)
Confirm with . or Enter, or press ? or * to list all spells.
You conjure some foxfire!
Crazy Yiuf hits you with a +4 quarterstaff of chaos!
You fade into invisibility!
Casting: Foxfire (safe; 5% risk of failure)
Confirm with . or Enter, or press ? or * to list all spells.
You miscast Scorch.
You are very lightly contaminated with residual magic.
Nothing appears to happen.
The foxfire hits Crazy Yiuf but does no damage.
The foxfire hits Crazy Yiuf.
Crazy Yiuf is lightly wounded.
Crazy Yiuf hits you with a +4 quarterstaff of chaos.
You see here a +0 mace.
Crazy Yiuf laughs, "East pontify high!"
Crazy Yiuf misses you.
You see here a +0 mace.
Casting: Scorch (safe; 5% risk of failure)
Confirm with . or Enter, or press ? or * to list all spells.
Flames lash Crazy Yiuf.
Crazy Yiuf is moderately wounded.
Crazy Yiuf's fire resistance burns away.
Crazy Yiuf cries, "Rot!
Iron mobile sanguine."
Crazy Yiuf hits you with a +4 quarterstaff of chaos!
You die...

###....#.##..##.#...## #.#
#.............#..## #.#
######..###.##..####..#####.#
.....#..###.#...## #........#
.###.#...........# ##########
........###......#
..#...####.......##♣♣♣♣♣
.........+.......))).♣.♣♣♣ ###
......####......@g))..♣..♣#...#
...#.## ##......))))♣♣♣♣.'...#
.#.### ##....))))♣♣ ♣♣#..)#
...# ##...###♣♣ ### ##.# ##'##
#.# ##.### #.# #....### ###
##.#### #..###.# #.# ......#
##...##.#####.#


You could see Crazy Yiuf (combustible).

Vanquished Creatures
  A worm (D:2)
  3 dart slugs (D:1)
  3 endoplasms
  A giant cockroach (D:2)
  3 goblins
  3 hobgoblins
  7 jackals
  4 kobolds
  A quokka (D:1)
  3 ball pythons
  4 bats
  A frilled lizard (D:1)
  4 rats (D:2)
38 creatures vanquished.

Vanquished Creatures (others)
  121 foxfires
  A fungus (D:2)
122 creatures vanquished.

Grand Total: 160 creatures vanquished

Notes
Turn   | Place    | Note
-------+----------+-------------------------------------------
     0 | D:1      | funkygono the Gargoyle Fire Elementalist began the quest
                  | for the Orb.
     0 | D:1      | Reached XP level 1. HP: 10/10 MP: 3/3
   201 | D:1      | Reached XP level 2. HP: 15/15 MP: 0/5
   204 | D:1      | Learned a level 2 spell: Scorch
   962 | D:1      | Reached XP level 3. HP: 16/19 MP: 2/6
  1107 | D:1      | Learned a level 3 spell: Conjure Flame
  1608 | D:2      | Found Sesiafum's Jewellery Boutique.
  2449 | D:2      | Found a runed translucent door.
  2450 | D:2      | Noticed Crazy Yiuf
  2590 | D:2      | Slain by Crazy Yiuf

Illustrated notes

Levels and vault maps discovered:
D:1:      dpeg_arrival_round_b, layout_basic, grunt_decor_clamped
D:2:      layout_loops_corners, serial_shops, shop, lemuel_old_faithful,
          uniq_crazy_yiuf_cottage

Action                   || total
-------------------------++-------
Melee: Whip              ||     2
 Cast: Foxfire           ||    71
       Scorch            ||     5
Armor: Robe              ||     8
Dodge: Dodged            ||    20
